| TOP OF THE 1ST |
|
Lansing Lugnuts batting - Pitching for Kannapolis Intimidators : LHP Mark Sharrett
|
|
Pitching: LHP Mark Sharrett
|
|
|
Batting: RHB Tokuji Kawabata
|
0-0: Called Strike 0-1: Swinging Strike 0-2: Ball 1-2: Ball 2-2: Ball 3-2: SINGLE (Groundball, 6S, EV 75.6 MPH) (infield hit)
|
|
Batting: RHB Frank Caulfield
|
0-0: Ball 1-0: Ball 2-0: Called Strike 2-1: Ball 3-1: Foul Ball, location: 2F 3-2: Fly out, F8 (Line Drive, 8LD, EV 101.9 MPH)
|
|
Batting: RHB Brock Van Gilder
|
0-0: Called Strike 0-1: Fly out, F8 (Flyball, 78M, EV 88.1 MPH)
|
|
Batting: LHB Aaron Caron
|
0-0: Called Strike Tokuji Kawabata is caught stealing 2nd base 2-6
|
| Top of the 1st over - 0 runs, 1 hit, 0 errors, 0 left on base; Lansing 0 - Kannapolis 0 |
| BOTTOM OF THE 1ST |
|
Kannapolis Intimidators batting - Pitching for Lansing Lugnuts : RHP Bobby O'Connell
|
|
Pitching: RHP Bobby O'Connell
|
|
|
Batting: LHB Robert Rauda
|
0-0: Called Strike 0-1: Ball 1-1: Called Strike 1-2: Foul Ball, location: 2F 1-2: Ball 2-2: Strikes out swinging
|
|
Batting: RHB Mark Jones
|
0-0: SINGLE (Groundball, 56D, EV 94.4 MPH)
|
|
Batting: SHB Ruben Velasco Jr.
|
0-0: Foul Ball, location: 2F 0-1: Ball 1-1: 2-RUN HOME RUN (Flyball, 9D, EV 96.2 MPH), Distance : 360 ft
|
|
Batting: RHB Vic Lucatero
|
0-0: Called Strike 0-1: Ball 1-1: Ball 2-1: Swinging Strike 2-2: Strikes out swinging
|
|
Batting: SHB Matt Childers
|
0-0: Foul Ball, location: 2F 0-1: Ball 1-1: SINGLE (Groundball, 4MD, EV 102.5 MPH)
|
|
Batting: RHB Benny O'Connor
|
0-0: Hit by Pitch Matt Childers to second
|
|
Batting: SHB Ivan Barry
|
0-0: DOUBLE (Line Drive, 7LS, EV 94.4 MPH) Matt Childers scores Benny O'Connor to third
|
|
Batting: RHB Peter Wheeler
|
0-0: Called Strike 0-1: Swinging Strike 0-2: Ball 1-2: Foul Ball, location: 2F 1-2: Strikes out looking
|
| Bottom of the 1st over - 3 runs, 4 hits, 0 errors, 2 left on base; Lansing 0 - Kannapolis 3 |
| TOP OF THE 2ND |
|
Lansing Lugnuts batting - Pitching for Kannapolis Intimidators : LHP Mark Sharrett
|
|
Batting: LHB Aaron Caron
|
0-0: SINGLE (Flyball, 78S, EV 92.5 MPH)
|
|
Batting: RHB Wade Diamond
|
0-0: Ball 1-0: Foul Ball, location: 2F 1-1: Ball 2-1: Called Strike 2-2: SINGLE (Groundball, 34S, EV 82.5 MPH) (infield hit) Aaron Caron to second
|
|
Batting: SHB Ryan Chicoine
|
0-0: Swinging Strike 0-1: Fly out, F7 (Flyball, 7S, EV 89.4 MPH)
|
|
Batting: RHB Chris Martin
|
0-0: Ball 1-0: Swinging Strike 1-1: Foul Ball, location: 2F 1-2: TRIPLE (Flyball, 89XD, EV 101.2 MPH) Aaron Caron scores Wade Diamond scores
|
|
Batting: RHB Brian Manson
|
0-0: Ball 1-0: Called Strike 1-1: Fly out, F9 (Flyball, 9LMF, EV 86.9 MPH)
|
|
Batting: LHB Roger Escareno
|
0-0: SINGLE (Line Drive, 3D, EV 96.9 MPH) Chris Martin scores
|
|
Batting: RHB Tokuji Kawabata
|
0-0: Ball 1-0: Ground out 5-3 (Groundball, 56S, EV 89.4 MPH)
|
| Top of the 2nd over - 3 runs, 4 hits, 0 errors, 1 left on base; Lansing 3 - Kannapolis 3 |
| BOTTOM OF THE 2ND |
|
Kannapolis Intimidators batting - Pitching for Lansing Lugnuts : RHP Bobby O'Connell
|
|
Batting: RHB Egidius Kruger
|
0-0: Called Strike 0-1: Called Strike 0-2: Ground out 5-3 (Groundball, 5S, EV 70.0 MPH)
|
|
Batting: LHB Robert Rauda
|
0-0: Ball 1-0: Called Strike 1-1: Called Strike 1-2: Ground out 4-3 (Groundball, 4, EV 90.0 MPH)
|
|
Batting: RHB Mark Jones
|
0-0: Foul Ball, location: 2F 0-1: Called Strike 0-2: Ball 1-2: Strikes out looking
|
| Bottom of the 2nd over - 0 runs, 0 hits, 0 errors, 0 left on base; Lansing 3 - Kannapolis 3 |
| TOP OF THE 3RD |
|
Lansing Lugnuts batting - Pitching for Kannapolis Intimidators : LHP Mark Sharrett
|
|
Batting: RHB Frank Caulfield
|
0-0: Ball 1-0: Foul Ball, location: 2F 1-1: Swinging Strike 1-2: Strikes out swinging
|
|
Batting: RHB Brock Van Gilder
|
0-0: Called Strike 0-1: Ball 1-1: Ball 2-1: Ball 3-1: Foul Ball, location: 2F 3-2: SINGLE (Line Drive, 4D, EV 100.0 MPH)
|
|
Batting: LHB Aaron Caron
|
0-0: Grounds into double play, 5-4-3 (Groundball, 56, EV 85.0 MPH)
|
| Top of the 3rd over - 0 runs, 1 hit, 0 errors, 0 left on base; Lansing 3 - Kannapolis 3 |
| BOTTOM OF THE 3RD |
|
Kannapolis Intimidators batting - Pitching for Lansing Lugnuts : RHP Bobby O'Connell
|
|
Batting: SHB Ruben Velasco Jr.
|
0-0: Ball 1-0: Ball 2-0: Ball 3-0: Base on Balls
|
|
Batting: RHB Vic Lucatero
|
0-0: Ball 1-0: Ground out 4-3 (Groundball, 34D, EV 97.5 MPH) Ruben Velasco Jr. to second
|
|
Batting: SHB Matt Childers
|
0-0: Ball 1-0: Ground out 6-3 (Groundball, 6, EV 83.1 MPH) Ruben Velasco Jr. to third
|
|
Batting: RHB Benny O'Connor
|
0-0: Foul Ball, location: 2F 0-1: Ball 1-1: Foul Ball, location: 2F 1-2: Fly out, F8 (Flyball, 8RM, EV 91.2 MPH)
|
| Bottom of the 3rd over - 0 runs, 0 hits, 0 errors, 1 left on base; Lansing 3 - Kannapolis 3 |
| TOP OF THE 4TH |
|
Lansing Lugnuts batting - Pitching for Kannapolis Intimidators : LHP Mark Sharrett
|
|
Batting: RHB Wade Diamond
|
0-0: Foul Ball, location: 2F 0-1: Ball 1-1: Ball 2-1: Called Strike 2-2: SOLO HOME RUN (Line Drive, 7LD, EV 96.2 MPH), Distance : 350 ft
|
|
Batting: SHB Ryan Chicoine
|
0-0: Ball 1-0: Ball 2-0: SINGLE (Flyball, 5D, EV 90.0 MPH)
|
|
Batting: RHB Chris Martin
|
0-0: Foul Ball, location: 2F 0-1: 2-RUN HOME RUN (Line Drive, 89XD, EV 100.6 MPH), Distance : 399 ft
|
|
Pitching: RHP Ricardo Bautista
|
|
|
Batting: RHB Brian Manson
|
0-0: Ball 1-0: Ball 2-0: Ground out 5-3 (Groundball, 56S, EV 67.5 MPH)
|
|
Batting: LHB Roger Escareno
|
0-0: Ball 1-0: Called Strike 1-1: Foul Ball, location: 2F 1-2: Ball 2-2: Foul Ball, location: 2F 2-2: Foul Ball, location: 2F 2-2: Strikes out swinging
|
|
Batting: RHB Tokuji Kawabata
|
0-0: Ball 1-0: Ball 2-0: Ball 3-0: Base on Balls
|
|
Batting: RHB Frank Caulfield
|
0-0: Ball 1-0: Called Strike 1-1: Swinging Strike 1-2: Ball Tokuji Kawabata is caught stealing 2nd base 2-4
|
| Top of the 4th over - 3 runs, 3 hits, 0 errors, 0 left on base; Lansing 6 - Kannapolis 3 |
| BOTTOM OF THE 4TH |
|
Kannapolis Intimidators batting - Pitching for Lansing Lugnuts : RHP Bobby O'Connell
|
|
Batting: SHB Ivan Barry
|
0-0: Ball 1-0: Called Strike 1-1: Ball 2-1: Ball 3-1: Swinging Strike 3-2: Ground out U3 (Groundball, 3, EV 103.8 MPH)
|
|
Batting: RHB Peter Wheeler
|
0-0: Ball 1-0: Ball 2-0: Swinging Strike 2-1: Swinging Strike 2-2: Foul Ball, location: 2F 2-2: Strikes out swinging
|
|
Batting: RHB Egidius Kruger
|
0-0: Ball 1-0: Swinging Strike 1-1: Ball 2-1: Ball 3-1: Called Strike 3-2: Foul Ball, location: 2F 3-2: Foul Ball, location: 2F 3-2: Strikes out looking
|
| Bottom of the 4th over - 0 runs, 0 hits, 0 errors, 0 left on base; Lansing 6 - Kannapolis 3 |
| TOP OF THE 5TH |
|
Lansing Lugnuts batting - Pitching for Kannapolis Intimidators : RHP Ricardo Bautista
|
|
Batting: RHB Frank Caulfield
|
0-0: Ball 1-0: Ball 2-0: Ball 3-0: Base on Balls
|
|
Batting: RHB Brock Van Gilder
|
0-0: Called Strike Frank Caulfield steals 2nd base 0-1: Ball 1-1: Ball 2-1: Called Strike 2-2: Ball 3-2: Strikes out swinging
|
|
Batting: LHB Aaron Caron
|
0-0: Ball 1-0: Ball Wild Pitch! Frank Caulfield to third 2-0: Called Strike 2-1: Ball 3-1: Ground out 4-3 (Groundball, 4, EV 83.8 MPH) Frank Caulfield scores
|
|
Batting: RHB Wade Diamond
|
0-0: Swinging Strike 0-1: Called Strike 0-2: SINGLE (Groundball, 6MD, EV 94.4 MPH)
|
|
Batting: SHB Ryan Chicoine
|
0-0: Ball 1-0: Called Strike 1-1: Ball 2-1: Called Strike 2-2: Ball Wild Pitch! Wade Diamond to second 3-2: Foul Ball, location: 2F 3-2: Fly out, F8 (Flyball, 8LM, EV 80.0 MPH)
|
| Top of the 5th over - 1 run, 1 hit, 0 errors, 1 left on base; Lansing 7 - Kannapolis 3 |
| BOTTOM OF THE 5TH |
|
Kannapolis Intimidators batting - Pitching for Lansing Lugnuts : RHP Bobby O'Connell
|
|
Batting: LHB Robert Rauda
|
0-0: Ball 1-0: Fly out, F2 (Popup, 2R, EV 96.9 MPH)
|
|
Batting: RHB Mark Jones
|
0-0: Ball 1-0: Swinging Strike 1-1: Ball 2-1: Ball 3-1: Swinging Strike 3-2: Strikes out swinging
|
|
Batting: SHB Ruben Velasco Jr.
|
0-0: Ball 1-0: Called Strike 1-1: Foul Ball, location: 2F 1-2: Foul Ball, location: 2F 1-2: Ball 2-2: Ball 3-2: Ground out 6-3 (Groundball, 56D, EV 86.2 MPH)
|
| Bottom of the 5th over - 0 runs, 0 hits, 0 errors, 0 left on base; Lansing 7 - Kannapolis 3 |
| TOP OF THE 6TH |
|
Lansing Lugnuts batting - Pitching for Kannapolis Intimidators : RHP Ricardo Bautista
|
|
Batting: RHB Chris Martin
|
0-0: Ball 1-0: Fly out, F7 (Flyball, 7, EV 96.2 MPH)
|
|
Batting: RHB Brian Manson
|
0-0: Ball 1-0: Foul Ball, location: 2F 1-1: SINGLE (Line Drive, 78S, EV 99.4 MPH)
|
|
Batting: LHB Roger Escareno
|
0-0: Ball 1-0: Ball 2-0: Ball 3-0: Called Strike 3-1: Called Strike 3-2: Base on Balls Brian Manson to second
|
|
Batting: RHB Tokuji Kawabata
|
Balk! Brian Manson to third Roger Escareno to second 0-0: Called Strike 0-1: Ball 1-1: Foul Ball, location: 2F 1-2: Ball 2-2: Strikes out looking
|
|
Batting: RHB Frank Caulfield
|
0-0: Called Strike 0-1: Called Strike 0-2: Ball 1-2: Foul Ball, location: 2F 1-2: Foul Ball, location: 2F 1-2: 3-RUN HOME RUN (Line Drive, 7LD, EV 94.4 MPH), Distance : 348 ft
|
|
Batting: RHB Brock Van Gilder
|
0-0: Ball 1-0: Called Strike 1-1: Foul Ball, location: 2F 1-2: Ground out 2-3 (Groundball, 2L, EV 63.8 MPH)
|
| Top of the 6th over - 3 runs, 2 hits, 0 errors, 0 left on base; Lansing 10 - Kannapolis 3 |
| BOTTOM OF THE 6TH |
|
Kannapolis Intimidators batting - Pitching for Lansing Lugnuts : RHP Bobby O'Connell
|
|
Batting: RHB Vic Lucatero
|
0-0: Swinging Strike 0-1: SINGLE (Line Drive, 8LS, EV 98.1 MPH)
|
|
Batting: SHB Matt Childers
|
0-0: Swinging Strike 0-1: Called Strike 0-2: Strikes out swinging
|
|
Batting: RHB Benny O'Connor
|
0-0: Ball 1-0: DOUBLE (Line Drive, 9LD, EV 101.2 MPH) Vic Lucatero to third
|
|
Batting: SHB Ivan Barry
|
0-0: Swinging Strike 0-1: Called Strike 0-2: DOUBLE (Line Drive, 3D, EV 100.6 MPH) Vic Lucatero scores Benny O'Connor scores
|
|
Pitching: RHP Manny Solis
|
|
|
Batting: RHB Peter Wheeler
|
0-0: Fly out, F7 (Flyball, 78S, EV 85.0 MPH)
|
|
Batting: RHB Egidius Kruger
|
0-0: Ball 1-0: SINGLE (Groundball, 4MD, EV 105.0 MPH) Ivan Barry to third Runner from 3rd tries for Home, throw by CF and OUT! 8-2
|
| Bottom of the 6th over - 2 runs, 4 hits, 0 errors, 1 left on base; Lansing 10 - Kannapolis 5 |
| TOP OF THE 7TH |
|
Lansing Lugnuts batting - Pitching for Kannapolis Intimidators : RHP Ricardo Bautista
|
|
Pitching: RHP Ruben Vazquez
|
|
|
Batting: LHB Aaron Caron
|
0-0: SINGLE (Flyball, 8LS, EV 92.5 MPH)
|
|
Batting: RHB Wade Diamond
|
0-0: Ball 1-0: Called Strike 1-1: Called Strike 1-2: Strikes out swinging
|
|
Batting: SHB Ryan Chicoine
|
0-0: Called Strike 0-1: Ball Aaron Caron steals 2nd base 1-1: Ground out 3-1 (Groundball, 13, EV 94.4 MPH) Aaron Caron to third
|
|
Batting: RHB Chris Martin
|
0-0: Called Strike 0-1: Swinging Strike 0-2: Strikes out swinging
|
| Top of the 7th over - 0 runs, 1 hit, 0 errors, 1 left on base; Lansing 10 - Kannapolis 5 |
| BOTTOM OF THE 7TH |
|
Kannapolis Intimidators batting - Pitching for Lansing Lugnuts : RHP Manny Solis
|
|
Batting: LHB Robert Rauda
|
0-0: Called Strike 0-1: Foul Ball, location: 2F 0-2: Strikes out swinging
|
|
Batting: RHB Mark Jones
|
0-0: Ball 1-0: Ball 2-0: Swinging Strike 2-1: Ground out U3 (Groundball, 3, EV 100.0 MPH)
|
|
Batting: SHB Ruben Velasco Jr.
|
0-0: Called Strike 0-1: Ball 1-1: Ball 2-1: Ball 3-1: Base on Balls
|
|
Batting: RHB Vic Lucatero
|
0-0: Ball 1-0: Ball 2-0: Fly out, F9 (Line Drive, 89M, EV 105.6 MPH)
|
| Bottom of the 7th over - 0 runs, 0 hits, 0 errors, 1 left on base; Lansing 10 - Kannapolis 5 |
| TOP OF THE 8TH |
|
Lansing Lugnuts batting - Pitching for Kannapolis Intimidators : RHP Ruben Vazquez
|
|
Batting: RHB Brian Manson
|
0-0: Ball 1-0: Called Strike 1-1: Swinging Strike 1-2: Ball 2-2: Strikes out swinging
|
|
Batting: LHB Roger Escareno
|
0-0: Ball 1-0: Ball 2-0: Ball 3-0: Base on Balls
|
|
Batting: RHB Tokuji Kawabata
|
0-0: Ball 1-0: Swinging Strike 1-1: Ball 2-1: Foul Ball, location: 2F 2-2: Ball 3-2: Fly out, F7 (Flyball, 78D, EV 88.1 MPH)
|
|
Batting: RHB Frank Caulfield
|
0-0: Ball 1-0: Foul Ball, location: 2F 1-1: Called Strike 1-2: Ball Wild Pitch! Roger Escareno to second 2-2: Strikes out looking
|
| Top of the 8th over - 0 runs, 0 hits, 0 errors, 1 left on base; Lansing 10 - Kannapolis 5 |
| BOTTOM OF THE 8TH |
|
Kannapolis Intimidators batting - Pitching for Lansing Lugnuts : RHP Manny Solis
|
|
Batting: SHB Matt Childers
|
0-0: Ball 1-0: Ball 2-0: Ball 3-0: Called Strike 3-1: Foul Ball, location: 2F 3-2: Base on Balls
|
|
Batting: RHB Benny O'Connor
|
0-0: Ball 1-0: Foul Ball, location: 2F 1-1: SINGLE (Line Drive, 8RS, EV 93.1 MPH) Matt Childers to second
|
|
Batting: SHB Ivan Barry
|
0-0: Foul Ball, location: 2F 0-1: Grounds into double play, 5-4-3 (Groundball, 56, EV 98.1 MPH) Matt Childers to third
|
|
Batting: RHB Peter Wheeler
|
0-0: Called Strike 0-1: Called Strike 0-2: Ball 1-2: Foul Ball, location: 2F 1-2: Foul Ball, location: 2F 1-2: Strikes out swinging
|
| Bottom of the 8th over - 0 runs, 1 hit, 0 errors, 1 left on base; Lansing 10 - Kannapolis 5 |
| TOP OF THE 9TH |
|
Lansing Lugnuts batting - Pitching for Kannapolis Intimidators : RHP Ruben Vazquez
|
|
Pitching: LHP Jonas Jennings
|
|
|
Batting: RHB Brock Van Gilder
|
0-0: Ground out 5-3 (Groundball, 5, EV 88.1 MPH)
|
|
Batting: LHB Aaron Caron
|
0-0: Called Strike 0-1: Ball 1-1: Foul Ball, location: 2F 1-2: Fly out, F7 (Line Drive, 7S, EV 106.9 MPH)
|
|
Batting: RHB Wade Diamond
|
0-0: Swinging Strike 0-1: Called Strike 0-2: Ball 1-2: Foul Ball, location: 2F 1-2: SINGLE (Line Drive, 56D, EV 98.8 MPH)
|
|
Batting: SHB Ryan Chicoine
|
0-0: Called Strike 0-1: Swinging Strike 0-2: Ball 1-2: Foul Ball, location: 2F 1-2: Ball 2-2: Ball 3-2: Foul Ball, location: 2F 3-2: Strikes out swinging
|
| Top of the 9th over - 0 runs, 1 hit, 0 errors, 1 left on base; Lansing 10 - Kannapolis 5 |
| BOTTOM OF THE 9TH |
|
Kannapolis Intimidators batting - Pitching for Lansing Lugnuts : RHP Manny Solis
|
|
Batting: RHB Egidius Kruger
|
0-0: Called Strike 0-1: Ball 1-1: SINGLE (Groundball, 25, EV 66.9 MPH) (infield hit)
|
|
Batting: LHB Robert Rauda
|
0-0: Called Strike 0-1: Swinging Strike 0-2: Fly out, F6 (Flyball, 56D, EV 82.5 MPH)
|
|
Batting: RHB Mark Jones
|
0-0: Ball 1-0: Swinging Strike 1-1: Grounds into double play, 5-4-3 (Groundball, 56, EV 82.5 MPH)
|
| Bottom of the 9th over - 0 runs, 1 hit, 0 errors, 0 left on base; Lansing 10 - Kannapolis 5 |
|